 Dungeon Crawl Stone Soup version 0.17-a0-1979-g1c74939 (webtiles) character file.

156 Shim the Grasshopper (level 5, 0/35 HPs)
             Began as a High Elf Warper on Oct 5, 2015.
             Slain by an orc
             ... wielding a cursed -2 club
              (2 damage)
             ... on level 3 of the Dungeon.
             The game lasted 00:25:46 (5136 turns).

Shim the Grasshopper (High Elf Warper)              Turns: 5136, Time: 00:25:47

Health: 0/35       AC:  7    Str: 10    XL:     5   Next: 15%
Magic:  4/10       EV: 13    Int: 17    God:
Gold:   305        SH:  0    Dex: 15    Spells: 4 memorised, 2 levels left

rFire  . . .     SeeInvis .     C - -3 dagger (curse)
rCold  . . .     Clarity  .     b - +0 leather armour
rNeg   . . .     SustAt   .     (no shield)
rPois  .         Gourm    .     (no helmet)
rElec  .         Spirit   .     l - +1 cloak
rCorr  .         Warding  .     h - +0 pair of gloves
rMut   .         Stasis   .     n - +0 pair of boots
MR     .....                    (no amulet)
Stlth  +.........               (no ring)
                                t - ring of loudness (curse)

@: very slightly contaminated, not resistant to hostile enchantments, very
unstealthy
A: no striking features
a: no special abilities


You were on level 3 of the Dungeon.
You were hungry.

You visited 1 branch of the dungeon, and saw 4 of its levels.

You collected 305 gold pieces.

Inventory:

Hand Weapons
 a - a +0 falchion
 r - a +0 short sword
 v - a cursed -2 dagger
 w - a -2 spear
 C - a cursed -3 dagger (weapon)
 E - a +0 longbow
Missiles
 e - 3 tomahawks of dispersal
 p - 22 poisoned needles
 F - 24 arrows
 G - 3 tomahawks (quivered)
Armour
 b - a +0 leather armour (worn)
 h - a +0 pair of gloves (worn)
 l - a +1 cloak (worn)
 n - a +0 pair of boots (worn)
Jewellery
 t - a cursed ring of loudness (left hand)
Scrolls
 d - a scroll of blinking
 i - 2 scrolls of teleportation
 o - 2 scrolls of identify
 s - a scroll of enchant weapon
Potions
 g - a potion of heal wounds {unknown}
 j - a potion of invisibility {unknown}
 k - 2 potions of flight {unknown}
 m - a potion of mutation {unknown}
 u - 2 potions of brilliance {unknown}
 x - a potion of ambrosia {unknown}
 A - a potion of curing {unknown}
 B - 3 potions of haste {unknown}
 D - a potion of agility {unknown}
Books
 c - a book of Spatial Translocations

   Spells                             Type                      Level
   a - Apportation                    Translocation                1
   b - Blink                          Translocation                2
   c - Shroud of Golubria             Charms/Translocation         2
   d - Portal Projectile              Translocation                3
   e - Teleport Other                 Translocation                3
   f - Passage of Golubria            Translocation                4
Comestibles
 f - 3 bread rations
 q - a meat ration
 z - a fruit


   Skills:
 + Level 2.3 Fighting
 * Level 0.8(2.0) Short Blades
 + Level 2.8(2.9) Long Blades
 + Level 1.8 Bows
 + Level 1.2 Throwing
 + Level 1.5 Armour
 + Level 3.5 Dodging
 + Level 1.0 Stealth
 + Level 3.1 Spellcasting
 + Level 0.5 Charms
 + Level 3.8 Translocations


You had 2 spell levels left.
You knew the following spells:

 Your Spells              Type           Power        Failure   Level  Hunger
a - Apportation           Tloc           ###.......   6%          1    None
b - Blink                 Tloc           N/A          10%         2    ##.....
c - Shroud of Golubria    Chrm/Tloc      ##........   14%         2    ##.....
d - Portal Projectile     Tloc           ###...       14%         3    ###....


Dungeon Overview and Level Annotations

Branches:
Dungeon (4/15)
 Temple: D:4-7

Altars:

Annotations:
D:4 tp1's ghost, novice GrBe


Message History

You barely miss the orc.
The orc is moderately wounded.
You are feeling hungry.
The orc barely misses you. The orc misses you.
Casting: Shroud of Golubria
Confirm with . or Enter, or press ? or * to list all spells.
Space distorts slightly along a thin shroud covering your body.
The orc hits you but does no damage.
You hit the orc but do no damage.
The orc is moderately wounded.
The orc barely misses you.
You hit the orc but do no damage.
The orc is moderately wounded.
The orc barely misses you. The orc misses you.
You hit the orc.
The orc is heavily wounded.
The orc hits you with a hand axe of chopping!
* * * LOW HITPOINT WARNING * * *
x2 The orc hits you with a club.
You die...

###### #..... #.<...
########## #.....
#........# #.....
#........# #.....
#.o......# #.....
#.o@.....# #.....
#........# #.....
#........# ###.##
########)########.##
#>...........
#####.......##..(
#...........##...
#...........##...
#................


You could see 2 orcs.

Vanquished Creatures
  A crimson imp (D:3)
  An orc wizard (D:3)
  3 adders
  A worm (D:2)
  4 orcs (D:3)
  3 giant cockroaches
  11 goblins
  10 hobgoblins
  7 jackals (D:3)
  3 bats
  3 giant newts
  9 kobolds
  5 rats
  2 fungi (D:3)
63 creatures vanquished.

Vanquished Creatures (others)
  3 fungi (D:3)
3 creatures vanquished.

Grand Total: 66 creatures vanquished

Notes
Turn   | Place    | Note
--------------------------------------------------------------
     0 | D:1      | Shim the High Elf Warper began the quest for the Orb.
     0 | D:1      | Reached XP level 1. HP: 14/14 MP: 4/4
   458 | D:1      | Reached skill level 1 in Armour
   837 | D:1      | Reached XP level 2. HP: 16/19 MP: 6/6
   891 | D:1      | Learned a level 2 spell: Blink
  1937 | D:2      | Reached XP level 3. HP: 22/24 MP: 7/7
  2596 | D:3      | Learned a level 2 spell: Shroud of Golubria
  2989 | D:3      | Reached skill level 1 in Bows
  2989 | D:3      | Reached skill level 1 in Stealth
  2989 | D:3      | Reached XP level 4. HP: 24/29 MP: 9/9
  4346 | D:3      | Reached XP level 5. HP: 32/34 MP: 5/10
  4683 | D:4      | Learned a level 3 spell: Portal Projectile
  4688 | D:4      | Noticed tp1's ghost (novice GrBe)
  5136 | D:3      | Slain by an orc

Vault maps used:
D:1:      roderic_octagonal_star, serial_park_tiny_1
D:3:      minmay_gold_behind_fungi

Action                   |  1- 3 |  4- 6 || total
-------------------------+-------+-------++-------
Melee: Falchion          |    32 |       ||    32
       Short sword       |   164 |   124 ||   288
       Dagger            |       |    46 ||    46
 Fire: Longbow           |       |    23 ||    23
Throw: Tomahawk          |       |     2 ||     2
 Cast: Apportation       |     1 |    10 ||    11
       Blink             |     1 |     4 ||     5
       Shroud of Golubri |       |     6 ||     6
       Portal Projectile |       |     1 ||     1
  Use: Scroll            |     4 |     2 ||     6
  Eat: Chunk             |     4 |       ||     4
       Meat ration       |     1 |     1 ||     2
